 Dungeon Crawl Stone Soup version 0.27-a0-1548-gf8a67e7463 (webtiles) character file.

Game seed: 14050695438190271100

105 ktje the Ducker (level 5, 0/38 HPs)
             Began as a Djinni Gladiator on July 13, 2021.
             Slain by a gnoll (1 damage)
             ... on level 3 of the Dungeon.
             The game lasted 00:10:57 (2856 turns).

ktje the Ducker (Djinni Gladiator)                  Turns: 2856, Time: 00:10:57

Health: 0/38       AC:  5    Str: 13    XL:     5   Next: 8%
Gold:   73         EV: 13    Int: 11    God:
                   SH:  0    Dex: 14

rFire    + . .     SeeInvis .   a - +2 rapier
rCold    . . .     Faith    .   (no shield)
rNeg     . . .     Spirit   .   b - +0 leather armour
rPois    ∞         Reflect  .   k - +2 hat
rElec    .         Harm     .   (no cloak)
rCorr    .         Rampage  .   (no gloves)
Will     .....                  (boots unavailable)
Stlth    +.........             (no amulet)
HPRegen  0.12/turn              f - ring of ice
MPRegen  0.00/turn              (no ring)

@: flying
A: sickness immunity, fire resistance 2, cold vulnerability 1, float, innate
caster, hp casting, extra vitality 1
a: no special abilities


You were on level 3 of the Dungeon.
You visited 1 branch of the dungeon, and saw 3 of its levels.

You collected 73 gold pieces.

Inventory:

Hand Weapons
 a - a +2 rapier (weapon)
 l - a +0 hunting sling
Missiles
 d - 2 throwing nets (quivered)
 e - 7 poisoned darts
 i - 72 stones
Armour
 b - a +0 leather armour (worn)
 c - a +0 helmet
 k - a +2 hat (worn)
Jewellery
 f - a ring of ice (left hand)
Scrolls
 m - a scroll of fear
Potions
 g - a potion of might
 h - a potion of degeneration
 j - a potion of attraction {unknown}
 n - a potion of heal wounds {unknown}


   Skills:
 + Level 2.2 Fighting
 + Level 3.8 Short Blades
 + Level 1.6 Throwing
 + Level 1.6 Armour
 + Level 4.0 Dodging
 + Level 0.1 Stealth
 + Level 0.1 Spellcasting


You had one spell level left.
You knew the following spells:

 Your Spells              Type           Power      Damage    Failure   Level
a - Pain                  Necr           0%         1d4       38%         1
b - Passwall              Tmut/Erth      0%         N/A       54%         2
Your spell library was empty.

Dungeon Overview and Level Annotations

Branches:
Dungeon (3/15)

Altars:

Annotations:
D:2 1 runed translucent door, Crazy Yiuf, Sigmund


Innate Abilities, Weirdness & Mutations

You are immune to sickness and miasma.
You are immune to poison.
Your flesh is very heat resistant. (rF++)
You are vulnerable to cold. (rC-)
You float through the air rather than walking.
You learn spells naturally, not from books.
Your magical power is your life essence.
You have superior vitality. (+4 HP)


Message History

The gnoll barely misses you.
The giant cockroach moves out of view.
You barely miss the gnoll.
The gnoll is moderately wounded.
The gnoll barely misses you.
You closely miss the gnoll.
The gnoll is moderately wounded.
The giant cockroach bites you. The gnoll completely misses you.
The giant cockroach bites you but does no damage.
You hit the gnoll.
The gnoll is severely wounded.
The giant cockroach barely misses you. The gnoll hits you with a +0 halberd!
You are too injured to fight recklessly!
You are too injured to fight recklessly!
You are too injured to fight recklessly!
You are too injured to fight recklessly!
You puncture the gnoll!
You kill the gnoll!
The giant cockroach closely misses you.
You have reached level 5!
The power to cast Passwall wells up from within.
Spell assigned to 'b'.
You completely miss the giant cockroach.
The giant cockroach completely misses you.
You puncture the giant cockroach!
You kill the giant cockroach!
The gnoll barely misses you.
Things that are here:
a +0 halberd; a stone; a +0 whip You barely miss the gnoll.
The gnoll hits you with a +0 club!
* * * LOW HITPOINT WARNING * * *
You hit the gnoll but do no damage. The gnoll hits you with a +0 club.
* * * LOW HITPOINT WARNING * * *
You barely miss the gnoll. The gnoll closely misses you.
You puncture the gnoll!
The gnoll is severely wounded.
The gnoll barely misses you.
You hit the gnoll.
The gnoll is almost dead.
The gnoll hits you with a +0 club.
You die...

#...........#
#########.#####.#
......>...#####.
......#........
###..##.######..
##.............
#w.B.(B.......#
#..###g########
#.. #@# #g. #†#
#g. #.# (.. ..#
w#.. ....
g#....... .......
........
...##...##


You could see a gnoll and a giant cockroach.

Vanquished Creatures
  2 adders (D:2)
  2 gnolls (D:3)
  A dart slug (D:2)
  4 ball pythons
  10 endoplasms
  4 giant cockroaches
  2 goblins
  5 hobgoblins (D:1)
  4 jackals (D:1)
  4 quokkas
  6 bats (D:1)
  5 frilled lizards
  7 kobolds
  4 rats (D:1)
60 creatures vanquished.

Notes
Turn   | Place    | Note
-------+----------+-------------------------------------------
     0 | D:1      | ktje the Djinni Gladiator began the quest for the Orb.
     0 | D:1      | Reached XP level 1. HP: 18/18 MP: 0/0
   362 | D:1      | Reached XP level 2. HP: 11/23 MP: 0/0
   777 | D:1      | Reached XP level 3. HP: 28/28 MP: 0/0
   777 | D:1      | Learned a level 1 spell: Pain
  1411 | D:1      | Reached skill level 1 in Armour
  1638 | D:1      | Found a faded altar of an unknown god.
  1677 | D:2      | Reached XP level 4. HP: 24/33 MP: 0/0
  1964 | D:2      | Reached skill level 4 in Dodging
  2112 | D:2      | Noticed Sigmund
  2473 | D:2      | Found a runed translucent door.
  2474 | D:2      | Noticed Crazy Yiuf
  2848 | D:3      | Reached XP level 5. HP: 12/38 MP: 0/0
  2848 | D:3      | Learned a level 2 spell: Passwall
  2853 | D:3      | HP: 1/38 [gnoll (5)]
  2856 | D:3      | Slain by a gnoll

Illustrated notes

Levels and vault maps discovered:
D:1:      heliophobic_arrival_battle_scene, layout_loops_corners,
          shapermc_ecumenical_altar_hornbeckon, minivault_4,
          hangedman_feature_mirror, minmay_ruptured
D:2:      minmay_wonky_spiral, layout_basic, skrybe_limestone_x, uniq_sigmund,
          uniq_crazy_yiuf_cottage
D:3:      layout_basic, serial_shops, nicolae_shop_trees,
          chequers_serial_rivers_micro_e

Skill      XL: |  1  2  3  4 |
---------------+-------------+-----
Short Blades   | 3 |  3.8
Armour         | 1 |  1.6
Dodging        | 4 |  4.0
Fighting       | |  2.2
Throwing       | |  1.6
Stealth        | |  0.1
Spellcasting   | |  0.1

Action                   |  1- 3 |  4- 6 || total
-------------------------+-------+-------++-------
Melee: Rapier            |   122 |    61 ||   183
 Fire: Hunting sling     |       |     7 ||     7
Throw: Throwing net      |     2 |       ||     2
 Cast: Pain              |       |     8 ||     8
  Use: Scroll            |     5 |     1 ||     6
 Stab: Sleeping          |     1 |     1 ||     2
Armor: Leather armour    |    35 |    13 ||    48
Dodge: Dodged            |    93 |    48 ||   141

Table legend: (Time is in decaauts)
 A = Elapsed time spent in this place.
 B = Non-inter-level travel time spent in this place.
 C = Inter-level travel time spent in this place.
 D = Time resting spent in this place.
 E = Time spent auto-exploring this place.
 F = Levels seen in this place.
 G = Mean time per level.
                   A        B        C        D        E       F      G
               +--------+--------+--------+--------+--------+-----+--------+
         Total |   2860 |   2844 |     16 |   1019 |   1333 |   3 |  953.3 |
       Dungeon |   2860 |   2844 |     16 |   1019 |   1333 |   3 |  953.3 |
               +--------+--------+--------+--------+--------+-----+--------+

Top non-repeatable levels by time:
     D:1: 1668 daAuts
     D:2: 1027 daAuts
     D:3: 163 daAuts
